 Dungeon Crawl Stone Soup version 0.27.1-3-gb3d3a73c9e (webtiles) character file.

Game seed: 17879497905647237619

10 thierryV the Chopper (level 2, -4/25 HPs)
             Began as a Minotaur Gladiator on Oct 30, 2021.
             Was an Initiate of Ashenzari.
             Slain by an orc priest (5 damage)
             ... on level 3 of the Dungeon.
             The game lasted 00:04:14 (254 turns).

thierryV the Chopper (Minotaur Gladiator)            Turns: 254, Time: 00:04:14

Health: -4/25      AC:  3    Str: 18    XL:     2   Next: 10%
Magic:  0/1        EV: 12    Int:  5    God:    Ashenzari [......]
Gold:   24         SH:  0    Dex: 11    Spells: 1/1 levels left

rFire    . . .     SeeInvis .   a - +0 war axe
rCold    . . .     Faith    .   (no shield)
rNeg     . . .     Spirit   +   b - +0 leather armour
rPois    .         Reflect  .   c - +0 hat
rElec    .         Harm     .   (no cloak)
rCorr    .         Rampage  .   (no gloves)
Will     .....                  (no boots)
Stlth    +.........             g - amulet of guardian spirit
HPRegen  0.08/turn              (no ring)
MPRegen  0.07/turn              (no ring)

@: no status effects
A: horns 2, retaliatory headbutt
a: Renounce Religion


You were on level 3 of the Dungeon.
You worshipped Ashenzari.
Ashenzari was noncommittal.
You visited 1 branch of the dungeon, and saw 3 of its levels.

You collected 24 gold pieces.

Inventory:

Hand Weapons
 a - a +0 war axe (weapon)
 j - a +1 short sword of draining
Missiles
 d - 3 throwing nets
 i - 21 poisoned darts (quivered)
Armour
 b - a +0 leather armour (worn)
 c - a +0 hat (worn)
Jewellery
 g - an amulet of guardian spirit (around neck)
Scrolls
 e - a scroll of teleportation
 f - a scroll of identify
 h - a scroll of blinking


   Skills:
 - Level 2.4 Fighting
 + Level 4.4 Axes
 - Level 2.0 Throwing
 - Level 3.2 Dodging


You had one spell level left.
You didn't know any spells.
Your spell library was empty.

Dungeon Overview and Level Annotations

Branches:
Dungeon (3/15)

Altars:
Ashenzari


Innate Abilities, Weirdness & Mutations

You have a pair of horns on your head.
You reflexively headbutt those who attack you in melee.


Message History

The orc shouts! x2; You hear a shout!
An orc comes into view. It is wielding a +0 morningstar.
An orc priest comes into view. It is wielding a +0 dagger.
You slash the orc!
You kill the orc!
You hit the orc.
The orc is lightly wounded.
The orc hits you with a +0 morningstar.
You hit the orc.
The orc is severely wounded.
You barely miss the orc priest. You slash the orc!
You kill the orc!
The orc priest hits you with a +0 dagger.
You have reached level 2!
Your leather armour prevents you from hitting the orc priest.
You hit the orc but do no damage. The orc hits you with a +0 flail.
The orc priest hits you but does no damage.
You hit the orc priest.
The orc priest is lightly wounded.
You hit the orc but do no damage. The orc hits you with a +0 flail!
* * * LOW HITPOINT WARNING * * *
The orc priest looks encouraged for a moment.
You aren't carrying any potions.
You closely miss the orc priest.
The orc priest is lightly wounded.
You hit the orc. The orc hits you but does no damage.
The orc priest hits you with a +0 dagger.
* * * LOW HITPOINT WARNING * * *
You closely miss the orc priest. Your headbutt misses the orc priest.
The orc priest is lightly wounded.
You slash the orc!
You kill the orc!
The orc priest hits you with a +0 dagger.
Your life force feels restored.
Unknown command.
You slash the orc priest!
The orc priest is severely wounded.
The orc priest barely misses you.
The orc priest hits you with a +0 dagger.
You die...

### #.. ## #.#
##.## #.#
##....#########)#
#.............o@#
##......(###..#..#
...#####.# #..#..#
...#...# #..#..#
#.#.### #_.##.#
##...# #.....#
#...## #.###.#
#....## #.. ...
#.....## ### .#


You could see an orc priest.

Vanquished Creatures
  3 orcs (D:3)
  An endoplasm (D:3)
  A ball python (D:1)
  A bat (D:3)
  A kobold (D:3)
  A rat (D:1)
8 creatures vanquished.

Notes
Turn   | Place    | Note
-------+----------+-------------------------------------------
     0 | D:1      | thierryV the Minotaur Gladiator began the quest for the
                  | Orb.
     0 | D:1      | Reached XP level 1. HP: 18/18 MP: 0/0
   110 | D:3      | Found a broken altar of Ashenzari.
   151 | D:3      | Became a worshipper of Ashenzari the Shackled
   213 | D:3      | Reached skill level 4 in Axes
   237 | D:3      | Found a faded altar of an unknown god.
   245 | D:3      | Noticed an orc priest
   250 | D:3      | Reached XP level 2. HP: 14/24 MP: 1/1
   252 | D:3      | HP: 1/24 [orc priest (1)]
   254 | D:3      | Slain by an orc priest

Illustrated notes

Levels and vault maps discovered:
D:1:      elethiomel_arrival_infinity_welcomes_careful_drivers,
          layout_loops_ring, serial_shops, shop_statue, serial_bayou_pond_d,
          skrybe_limestone_x
D:2:      layout_loops_ring
D:3:      layout_loops_corners, mainiacjoe_overflow_alcove_2,
          ashenzari_conservatory_becter, basic_ecumenical_altar, minivault_14,
          minmay_misc_feat_enclosed, grunt_decor_resistance,
          roderic_cross_of_infinity, st_stairs_3, corexii_corridor_pit,
          chequers_mini_garden

Skill      XL: |  1 |
---------------+----+-----
Axes           | 4 |  4.4
Fighting       | |  2.4
Throwing       | |  2.0
Dodging        | |  3.2

Action                   || total
-------------------------++-------
Melee: War axe           ||    16
 Stab: Sleeping          ||     1
Armor: Leather armour    ||     4
Dodge: Dodged            ||     6
